 Dungeon Crawl Stone Soup version bcrawl-1.37.2 (console) character file.

Game seed: 2235378572071366279

141564 1oMo1 the Conjurer (level 4, -1/31 HPs)
             Began as a Human Conjurer on Jan 5, 2023.
             Slain by a worm (10 damage)
             ... on level 2 of the Dungeon.
             The game lasted 00:13:22 (1261 turns).

1oMo1 the Conjurer (Human Conjurer)                 Turns: 1261, Time: 00:13:22

Health: -1/31      AC:  2    Str:  8    XL:     4   Next: 31%
Magic:  1/7        EV: 13    Int: 15    God:
Gold:   70         SH:  0    Dex: 15    Spells: 4/7 levels left

rFire    . . .     GDR:     27% g - +2 dagger (flame)
rCold    . . .     SeeInvis .   (no shield)
rNeg     . . .     Gourm    .   a - +0 robe
rPois    .         Faith    .   (no helmet)
rElec    .         Spirit   .   (no cloak)
rCorr    .         Reflect  .   (no gloves)
MR       .....                  (no boots)
Stlth    ++........             (no amulet)
HPRegen  0.15/turn              (no ring)
MPRegen  0.10/turn              (no ring)

@: lethally poisoned (-1 -> -5)
A: no striking features
a: no special abilities


You were on level 2 of the Dungeon.
You were not hungry.

You visited 1 branch of the dungeon, and saw 2 of its levels.

You collected 70 gold pieces.

Inventory:

Hand Weapons
 g - a +2 dagger of flaming (weapon)
Missiles
 d - 296 sling bullets
Armour
 a - a +0 robe (worn)
 f - a +0 robe
Scrolls
 b - 3 scrolls of remove curse
Potions
 c - a potion of magic
Comestibles
 e - 3 rations {!d}


   Skills:
 + Level 0.5 Fighting
 + Level 0.5 Short Blades
 + Level 2.3 Dodging
 + Level 2.4 Stealth
 + Level 2.4 Spellcasting
 + Level 5.5 Conjurations


You had 4 spell levels left.
You knew the following spells:

 Your Spells              Type           Power        Failure   Level  Hunger
a - Magic Dart            Conj           ###.         2%          1    None
b - Searing Ray           Conj           ###.....     3%          2    ##.....

Your spell library contained the following spells:

 Spells                   Type           Power        Failure   Level  Hunger
 Iskenderun's Mystic Bla  Conj           ###.....     7%          3    ####...
 Fulminant Prism          Conj/Hex       ##........   56%         4    ######.
 Irradiate                Conj/Tmut      ##........   88%         5    #######


Dungeon Overview and Level Annotations

Branches:
Dungeon (2/12)

Altars:


Message History

The adder is lightly wounded.
You feel sick. The adder bites you but does no damage.
You hit the adder. You burn the adder.
The adder is heavily wounded.
The adder misses you. The worm bites you.
Sorry, you're not good enough to have a special ability.
You feel better. The adder bites you. x2
You are poisoned.
The adder poisons you!
Okay, then.
You hit the adder. You burn the adder.
The adder is almost dead.
You feel sick. The adder bites you.
You are more poisoned.
The adder poisons you! The worm bites you.
* * * LOW HITPOINT WARNING * * *
You closely miss the adder.
The adder is almost dead.
The adder barely misses you. The worm bites you!
You die...

#.( ######.# #.# #g.
##...##.# #.#
##.g###.###.#.# #.#
#.#>$....## ##..#####.####
#.......# #....K......#
#.##.....##
##.....##.##.######
#.####.###.####.##.##.......
#. ##..$## #K#...######.. #.
##### #..<..รท))....# #
############...########
#....S@wK.....##
...#############


You could see a worm, an adder and a kobold.

Vanquished Creatures
  Robin (D:2)
  A worm (D:2)
  A dart slug (D:2)
  2 leopard geckos
  An orc (D:2)
  2 ball pythons (D:1)
  2 giant cockroaches (D:1)
  13 goblins
  6 hobgoblins (D:2)
  3 kobolds
  2 quokkas (D:2)
  3 frilled lizards
  4 rats
41 creatures vanquished.

Notes
Turn   | Place    | Note
-------+----------+-------------------------------------------
     0 | D:1      | 1oMo1 the Human Conjurer began the quest for the Orb.
     0 | D:1      | Reached XP level 1. HP: 13/13 MP: 3/3
   222 | D:1      | Reached XP level 2. HP: 19/19 MP: 0/5
   378 | D:1      | Reached skill level 5 in Conjurations
   672 | D:2      | Reached XP level 3. HP: 23/24 MP: 1/6
   675 | D:2      | Learned a level 2 spell: Searing Ray
   893 | D:2      | Noticed Robin
   928 | D:2      | Killed Robin
   950 | D:2      | Reached XP level 4. HP: 22/31 MP: 1/7
  1261 | D:2      | Slain by a worm

Skill      XL: |  1  2 |
---------------+-------+-----
Conjurations   | 5 |  5.5
Fighting       | |  0.5
Short Blades   | |  0.5
Dodging        | |  2.3
Stealth        | |  2.4
Spellcasting   | |  2.4

Action                   |  1- 3 |  4- 6 || total
-------------------------+-------+-------++-------
Melee: Unarmed           |     7 |       ||     7
       Dagger            |    20 |    34 ||    54
 Cast: Magic Dart        |    36 |    18 ||    54
       Searing Ray       |     5 |     3 ||     8
  Use: Scroll            |     3 |       ||     3
       Potion            |     3 |     1 ||     4
 Stab: Sleeping          |     1 |       ||     1
  Eat: Ration            |     1 |     1 ||     2
Armor: Robe              |     3 |     4 ||     7
Dodge: Dodged            |    17 |    13 ||    30
